Map: 2000 Atmospheres LE

Players

MarineLorD - Winner!

  • Race: Terran Terran
  • League: Master

Hellraiser

  • Race: Protoss Protoss

Event: DreamHack SC2 Masters 2021 Fall

VOD

Have the link to the VOD?

Description

Time

  • Played on: Aug. 7, 2021, 1 p.m.
  • Length: 11:16

All games in this series

Show
View Real Time Build Order
Export as new Build Order

MarineLorD Terran - Winner!

Build Orders: Reaper Expand 

Get SALT Encoding   

  12  0:00  SCV  
  13  0:12  SCV  
  14  0:16  Supply Depot  
  14  0:24  SCV  
  15  0:38  SCV  
  16  0:43  Barracks  
  16  0:46  Refinery  
  16  0:50  SCV  
  17  1:02  SCV  
  18  1:14  SCV  
  19  1:29  Orbital Command  
  19  1:30  Reaper  
  20  1:46  Command Center  
  20  1:54  SCV  
  20  1:56  Barracks  
  21  2:06  Supply Depot  
  21  2:08  Barracks Reactor, SCV  
  22  2:17  Barracks  
  22  2:20  SCV  
  23  2:33  SCV  
  24  2:44  Supply Depot, Barracks Tech Lab  
  24  2:45  Marine x2, SCV  
  27  2:57  SCV  
  28  3:02  Marine x2  
  30  3:09  SCV  
  30  3:17  Marine, Barracks Tech Lab  
  30  3:18  Stimpack  
  31  3:21  SCV  
  32  3:30  Marine x2, Orbital Command  
  32  3:33  SCV  
  35  3:35  Marine  
  35  3:37  Marine, Combat Shield  
  37  3:45  SCV  
  37  3:48  Marine x2  
  40  3:52  Marine  
  40  3:54  Marine  
  42  3:55  SCV  
  42  3:58  SCV  
  43  4:05  Refinery, Marine x2, Engineering Bay  
  43  4:08  SCV  
  46  4:10  Marine, SCV, Supply Depot  
  46  4:12  Marine  
  49  4:20  SCV, Bunker  
  49  4:22  SCV  
  49  4:23  Marine x2  
  53  4:25  Factory  
  53  4:30  Supply Depot  
  53  4:31  Marine  
  53  4:32  Marine, SCV  
  53  4:34  SCV  
  57  4:39  Terran Infantry Weapons Level 1  
  57  4:41  Missile Turret  
  57  4:42  Marine  
  57  4:44  SCV  
  59  4:46  Marine  
  59  4:47  SCV  
  59  4:49  Marine  
  62  4:54  Refinery  
  62  4:56  Marine, SCV  
  62  4:59  SCV  
  64  5:00  Marine  
  64  5:04  Marine  
  66  5:07  Refinery, Marauder  
  66  5:08  SCV  
  66  5:11  Supply Depot  
  69  5:14  Marine, Factory Reactor  
  69  5:18  Starport  
  69  5:21  Supply Depot  
  70  5:29  Supply Depot  
  70  5:30  Missile Turret  
  70  5:32  SCV x2  
  70  5:33  Marauder x2  
  76  5:40  Supply Depot  
  76  5:44  Supply Depot, SCV x2  
  78  5:56  SCV  
  78  5:57  SCV  
  80  6:00  Factory Reactor  
  79  6:05  Marauder x2  
  79  6:10  Barracks x2  
  80  6:11  Marine x2  
  80  6:12  Medivac x2  
  80  6:16  Supply Depot  
  79  6:31  Marine x2  
  81  6:33  Command Center  
  81  6:34  Marauder  
  81  6:35  Marauder  
  85  6:43  Widow Mine x2, Medivac  
  85  6:45  Medivac  
  93  6:49  SCV x2  
  93  6:50  Terran Infantry Armor Level 1  
  93  6:51  Marine  
  96  7:03  Barracks Reactor, Barracks Tech Lab  
  96  7:04  SCV x2, Widow Mine x2  
  102  7:10  Supply Depot  
  102  7:11  Supply Depot  
  102  7:13  Medivac  
  102  7:15  Medivac  
  106  7:16  SCV  
  106  7:17  Marine  
  106  7:18  Marine, Marauder  
  106  7:21  SCV  
  112  7:28  SCV  
  112  7:29  Marauder  
  117  7:30  Marauder  
  117  7:31  Widow Mine x2  
  117  7:33  SCV  
  122  7:39  Supply Depot  
  122  7:40  Supply Depot  
  122  7:42  SCV  
  123  7:45  SCV  
  123  7:47  Marine x2, Marauder  
  128  7:52  Marine  
  128  7:53  Marauder  
  128  7:54  SCV  
  132  7:59  Marine, Marauder  
  132  8:02  Medivac  
  132  8:05  Marine  
  136  8:08  Marine, SCV  
  136  8:09  Marauder  
  131  8:13  Marine  
  131  8:14  Marauder  
  131  8:17  Marine  
  128  8:21  Marauder  
  128  8:23  Marine  
  128  8:25  SCV x2  
  128  8:26  Marine  
  119  8:30  Marine  
  119  8:31  Marine  
  119  8:34  Marine  
  119  8:35  Marine  
  117  8:44  Marine x2, Marauder  
  117  8:46  Orbital Command  
  117  8:48  Medivac x2  
  123  8:49  Widow Mine  
  125  8:58  Marine x2  
  125  8:59  Marauder  
  125  9:01  Concussive Shells  
  125  9:02  Marine, Marauder  
  132  9:05  Marauder  
  132  9:07  Widow Mine  
  136  9:11  Widow Mine  
  136  9:14  SCV x2  
  136  9:15  Armory  
  140  9:19  Engineering Bay  
  140  9:20  Marine, Marauder  
  140  9:23  Marine, Marauder  
  143  9:26  Marine x2  
  143  9:27  Marauder  
  145  9:33  Widow Mine  
  145  9:34  Widow Mine, Medivac x2  
  145  9:37  Refinery  
  145  9:38  Refinery  
  153  9:41  Marine x2  
  153  9:42  Marauder  
  153  9:43  Marine  
  153  9:44  Marine  
  153  9:45  Marauder  
  161  9:51  Marauder  
  163  9:59  Marine x2  
  165  10:09  Marine  
  165  10:10  Marine  
  165  10:13  Marauder  
  165  10:14  Marauder  
  165  10:16  Marauder  
  165  10:17  Marine  
  165  10:18  Marine  
  165  10:19  Medivac  
  165  10:20  Medivac  
  165  10:25  Supply Depot  
  165  10:27  Marine  
  166  10:29  Marine  
  166  10:30  Supply Depot  
  166  10:32  Supply Depot  
  166  10:34  Marauder  
  165  10:35  Marauder  
  165  10:37  Marauder  
  165  10:46  Marine x2  
  165  10:48  Marine  
Show
View Real Time Build Order
Export as new Build Order

Hellraiser Protoss 

Build Orders: 1 Gate Expand, Colossus Rush 

Get SALT Encoding   

  12  0:00  Probe  
  13  0:12  Probe  
  14  0:18  Pylon  
  14  0:24  Probe (Chrono Boost)  
  15  0:38  Probe (Chrono Boost)  
  15  0:39  Gateway  
  16  0:44  Probe (Chrono Boost)  
  16  0:48  Assimilator  
  17  0:52  Probe  
  18  1:05  Probe  
  19  1:17  Probe  
  20  1:27  Cybernetics Core  
  20  1:36  Nexus  
  20  1:43  Pylon  
  20  1:45  Probe  
  21  1:50  Assimilator  
  21  1:57  Probe  
  21  2:00  Adept (Chrono Boost)  
  22  2:07  Shield Battery  
  24  2:09  Probe  
  25  2:19  Warp Gate  
  25  2:20  Adept (Chrono Boost)  
  25  2:22  Probe  
  28  2:33  Robotics Facility  
  28  2:36  Probe  
  29  2:48  Probe (Chrono Boost)  
  29  2:50  Stalker, Probe (Chrono Boost)  
  33  3:00  Probe (Chrono Boost)  
  34  3:10  Probe (Chrono Boost)  
  34  3:11  Probe (Chrono Boost)  
  34  3:20  Gateway  
  34  3:22  Probe x2  
  34  3:26  Immortal (Chrono Boost)  
  40  3:35  Gateway  
  40  3:36  Probe  
  40  3:38  Probe  
  42  3:43  Pylon  
  42  3:48  Probe  
  42  3:50  Probe  
  42  3:55  Warp Prism (Chrono Boost)  
  44  4:02  Probe x2  
  48  4:07  Pylon  
  48  4:14  Probe x2  
  48  4:16  Pylon, Adept  
  52  4:17  Adept  
  54  4:26  Probe  
  54  4:27  Probe  
  54  4:31  Assimilator  
  56  4:34  Robotics Bay  
  56  4:37  Assimilator  
  56  4:38  Probe  
  57  4:40  Probe  
  57  4:41  Pylon  
  58  4:51  Shield Battery  
  58  4:56  Probe  
  59  5:03  Sentry, Stalker  
  59  5:04  Stalker  
  59  5:08  Probe x2  
  61  5:17  Colossus (Chrono Boost)  
  61  5:19  Forge  
  61  5:25  Twilight Council  
  61  5:26  Forge  
  61  5:27  Zealot  
  69  5:31  Adept, Zealot  
  69  5:33  Pylon  
  73  5:44  Probe  
  73  5:49  Pylon  
  74  5:52  Protoss Ground Weapons Level 1  
  74  5:55  Extended Thermal Lance  
  74  5:58  Nexus  
  74  6:04  Colossus (Chrono Boost), Probe  
  74  6:05  Probe  
  82  6:15  Shield Battery  
  82  6:16  Probe  
  82  6:17  Probe  
  84  6:25  Charge (Chrono Boost)  
  78  6:28  Probe  
  78  6:32  Gateway  
  79  6:34  Gateway, Probe  
  79  6:38  Gateway  
  80  6:40  Probe  
  80  6:43  Photon Cannon  
  81  6:47  Pylon  
  81  6:51  Observer (Chrono Boost), Probe  
  81  6:53  Sentry, Stalker, Probe  
  88  6:54  Zealot  
  90  7:03  Probe  
  90  7:05  Probe  
  92  7:10  Observer (Chrono Boost)  
  92  7:11  Pylon, Probe  
  94  7:16  Templar Archives, Zealot x2  
  94  7:18  Probe  
  94  7:19  Probe  
  94  7:21  Photon Cannon  
  100  7:27  Probe  
  100  7:28  Stalker x2  
  104  7:30  Probe  
  104  7:35  Probe  
  104  7:36  Assimilator  
  106  7:38  Assimilator  
  106  7:40  Gateway  
  106  7:42  Gateway  
  106  7:52  Stalker x4  
  106  7:55  Probe  
  115  7:59  Zealot  
  115  8:02  Probe  
  115  8:04  Probe  
  115  8:05  Zealot  
  111  8:08  Probe  
  98  8:14  Probe  
  98  8:16  Probe  
  98  8:17  Zealot  
  94  8:20  Probe  
  94  8:26  Stalker x2, Probe  
  87  8:28  Probe  
  87  8:32  Probe  
  86  8:45  Immortal (Chrono Boost)  
  86  8:46  Probe x2 (Chrono Boost)  
  86  8:47  Probe (Chrono Boost)  
  93  8:54  Shield Battery  
  96  8:55  Probe (Chrono Boost)  
  96  8:56  Probe (Chrono Boost)  
  96  8:57  Probe (Chrono Boost)  
  96  9:01  Stalker x2  
  99  9:06  Stalker x3, Probe  
  99  9:09  Probe  
  102  9:17  Immortal (Chrono Boost)  
  102  9:19  Probe  
  103  9:28  Pylon  
  102  9:32  Pylon  
  102  9:34  Observer, High Templar x3  
  102  9:36  High Templar  
  102  9:37  Pylon  
  109  9:38  Archon  
  109  9:40  Archon  
  109  9:47  Observer (Chrono Boost), Zealot x3  
  116  9:59  Probe x3  
  119  10:03  Zealot  
  115  10:11  Probe x2  
  115  10:12  Zealot x4  
  115  10:13  Forge  
  112  10:14  Probe (Chrono Boost)  
  112  10:15  Forge  
  100  10:23  Probe (Chrono Boost)  
  100  10:25  Stalker  
  100  10:26  Probe (Chrono Boost)  
  105  10:29  Probe (Chrono Boost)  
  105  10:32  Probe (Chrono Boost)  
  105  10:33  Probe (Chrono Boost)  
  107  10:36  Probe (Chrono Boost)  
  107  10:37  Probe (Chrono Boost)  
  107  10:40  Probe  
  109  10:47  Probe  
  109  10:49  Probe  
  109  10:50  Robotics Facility  
  108  10:52  Probe  
  108  10:59  Probe  
  108  11:01  Probe  

Tags
 
Add a new tag
Caveats
  • Supply blocks, unpowered buildings, or Contaminate may cause inaccurate times.
  • Supply counts are checked every 10 seconds.